 Dungeon Crawl Stone Soup version 0.31-a0-700-gf13585253f (webtiles) character file.

Game seed: 5735210247345920508

314 Turgor the Changeling (level 6, -6/41 HPs)
             Began as an Octopode Shapeshifter on Sept 7, 2023.
             Mangled by an ogre
             ... wielding a +0 giant spiked club
              (16 damage)
             ... on level 5 of the Dungeon.
             The game lasted 00:17:31 (4181 turns).

Turgor the Changeling (Octopode Shapeshifter)       Turns: 4181, Time: 00:17:31

Health: -6/41      AC:  1    Str: 16    XL:     6   Next: 43%
Magic:  0/6        EV: 13    Int: 12    God:
Gold:   119        SH:  0    Dex: 11    Spells: 5/5 levels left

rFire   . .          .
                       - Unarmed
rCold   . . .        (no shield)
rNeg    . . .        (helmet currently unavailable)
rPois   .            g - amulet of guardian spirit
rElec   .            l - ring of resist corrosion
rCorr   +            (no ring)
SInv    .            (no ring)
Will    .....        (no ring)
Stlth   ++           (no ring)
HPRegen 0.26/turn    (no ring)
MPRegen 0.10/turn    (no ring)
                     (no ring)

%: guardian spirit
@: beast-form, hasted, very quick
A: beast (slay +2), almost no armour, amphibious, 8 rings, camouflage 1,
gelatinous body 1, (nimble swimmer 1), tentacles
a: Begin Untransformation


You were on level 5 of the Dungeon.
You were a hulking beast.
You visited 1 branch of the dungeon, and saw 5 of its levels.

You collected 119 gold pieces.

Inventory:

Jewellery
 g - an amulet of guardian spirit (around mantle)
 l - a ring of resist corrosion (left tentacle)
Talismans
 a - a dragon-blood talisman
 b - a beast talisman (active)
 c - a flux talisman
Scrolls
 d - 2 scrolls of teleportation
 i - 2 scrolls of amnesia {unknown}
 j - a scroll of enchant armour {unknown}
 k - 2 scrolls of revelation {unknown}
 o - a scroll of enchant weapon {unknown}
Potions
 e - 2 potions of curing
 h - a potion of attraction
 m - a potion of ambrosia
 n - a potion of haste
 q - a potion of mutation {unknown}


   Skills:
 + Level 2.8 Fighting
 + Level 3.4 Dodging
 + Level 4.1 Unarmed Combat
 * Level 4.6 Shapeshifting


You had 5 spell levels left.
You didn't know any spells.
Your spell library contained the following spells:

 Spells                   Type           Power      Damage    Failure   Level
 Gell's Gravitas          Tloc           0%         N/A       69%         3
 Teleport Other           Tloc           0%         N/A       69%         3
 Dispersal                Tloc           0%         N/A       100%        6


Dungeon Overview and Level Annotations

Branches:
Dungeon (5/15)
 Temple: D:4-7

Altars:

Shops:
D:2 (

Annotations:
D:3 1 runed translucent door, Crazy Yiuf
D:4 Edmund


Innate Abilities, Weirdness & Mutations

You are a hulking beast.
Your limbs bulge with bestial killing power. (Slay +2)
You cannot wear most types of armour.
You are amphibious.
You can wear up to eight rings at the same time.
Your skin changes colour to match your surroundings (Stealth+).
Your rubbery body absorbs attacks. (AC +1, EV +1)
((You are camouflaged when in or above water. (Stealth+)))
You have tentacles for arms and can constrict up to eight enemies at once.


Message History

The ogre is poisoned.
Unknown command.
Throw: 3 darts (poison)
Press: ? - help, Q - select action Shift-Dir - straight line, f/p - ogre
Aim: an ogre, wielding a +0 giant spiked club (poisoned, 73% to hit)
You throw a poisoned dart. The poisoned dart hits the ogre.
Throw: 2 darts (poison)
Press: ? - help, Q - select action Shift-Dir - straight line, f/p - ogre
Aim: an ogre, wielding a +0 giant spiked club (poisoned, 73% to hit)
You throw a poisoned dart. The poisoned dart hits the ogre.
The ogre looks even sicker.
Unknown command.
Throw: dart (poison)
Press: ? - help, Q - select action Shift-Dir - straight line, f/p - ogre
Aim: an ogre, wielding a +0 giant spiked club (lightly wounded, very poisoned, 72% to hit)
You throw a poisoned dart.
The poisoned dart barely misses the ogre.
Unknown command.
Okay, then.
Unknown command.
You tentacle-slap the ogre.
The ogre is moderately wounded.
The ogre hits you with a +0 giant spiked club!!!
Ouch! That really hurt!
* * * LOW HITPOINT WARNING * * *
Unknown command.
You feel much better. The ogre closely misses you.
You completely miss the ogre. You squeeze the ogre.
The ogre is heavily wounded.
You tentacle-slap the ogre.
The ogre is heavily wounded.
The ogre hits you with a +0 giant spiked club!
You barely miss the ogre.
The ogre is heavily wounded.
The ogre hits you with a +0 giant spiked club!
* * * LOW HITPOINT WARNING * * *
You feel yourself speed up. The ogre attacks as it pursues you!
The ogre hits you with a +0 giant spiked club!
You die...

#...(≈#####......#
#####.###..# #......#
###.....# ##(.# #.#....#
.....#### ##.# #......#
.....# #.# #...####
.....# .. #.#..## .....#
#.##.##..## .....#
#.##.###..# .....#
#.Oh.# ##.# .....##
###### #.# ......### #g#
.....[..########## #.#
#######........).#####.#
##########.......#
######<.# ####


You could see an ogre.

Vanquished Creatures
  A jelly (D:5)
  An orc priest (D:5)
  A sleepcap (D:5)
  2 orc wizards
  Robin (D:2)
  3 gnolls (D:5)
  4 adders
  A worm (D:2)
  4 dart slugs
  6 orcs
  6 endoplasms
  2 giant cockroaches (D:1)
  13 goblins
  7 hobgoblins
  4 jackals (D:1)
  6 quokkas
  6 ball pythons
  A ball python zombie (D:3)
  5 bats
  2 frilled lizards
  9 kobolds
  2 rats (D:2)
87 creatures vanquished.

Notes
Turn   | Place    | Note
-------+----------+-------------------------------------------
     0 | D:1      | Turgor the Octopode Shapeshifter began the quest for the
                  | Orb.
     0 | D:1      | Reached XP level 1. HP: 13/13 MP: 1/1
    22 | D:1      | You fall into a shaft and drop 1 floor!
   163 | D:2      | Reached XP level 2. HP: 18/18 MP: 2/2
   844 | D:1      | Reached XP level 3. HP: 23/23 MP: 3/3
  1364 | D:2      | Found a faded altar of an unknown god.
  1364 | D:2      | Noticed Robin
  1603 | D:2      | Reached XP level 4. HP: 26/29 MP: 2/4
  1897 | D:2      | Found Xaub Isi's Weapon Shoppe.
  2280 | D:2      | Killed Robin
  2981 | D:3      | Found a runed translucent door.
  2982 | D:3      | Noticed Crazy Yiuf
  3269 | D:4      | Noticed a scorpion
  3304 | D:4      | Reached XP level 5. HP: 32/34 MP: 5/5
  3765 | D:4      | Noticed Edmund
  3776 | D:5      | Entered Level 5 of the Dungeon
  3799 | D:5      | Noticed an ogre
  3853 | D:5      | Reached XP level 6. HP: 38/41 MP: 4/6
  4181 | D:5      | Mangled by an ogre

Illustrated notes

Levels and vault maps discovered:
D:1:      onia_arrival_mini_spirals, layout_basic, serial_forest,
          infiniplex_forest_clump_medium, infiniplex_forest_corner_2,
          infiniplex_forest_diagonal, infiniplex_forest_zigzag_1,
          infiniplex_forest_straight_2, infiniplex_forest_clump_small
D:2:      layout_loops_cross, ebering_ecumenical_altar_abandoned, serial_shops,
          nicolae_shop_back_alley_shop, st_stairs_6, uniq_robin
D:3:      layout_basic, serial_undead, serial_undead_c, serial_undead_c,
          serial_undead_f, serial_undead_f, uniq_crazy_yiuf_cottage
D:4:      minmay_opposing_rooms, layout_basic, hangedman_abyss_or_decor_passed,
          uniq_duvessa, uniq_edmund
D:5:      layout_rooms, minmay_temple_entry_gardened_gates,
          chequers_serial_rivers_small_b

Skill      XL: |  1  2  3  4  5  6 |
---------------+-------------------+-----
Fighting       | 2 |  2.8
Shapeshifting  | 4 |  4.6
Dodging        | 3 |  3.4
Unarmed Combat | 4 |  4.1

Action                     |  1- 3 |  4- 6 || total
---------------------------+-------+-------++-------
  Melee: Unarmed           |    70 |   101 ||   171
         Constrict         |    18 |    24 ||    42
         Tentacles         |    15 |    28 ||    43
         Punch             |       |     4 ||     4
  Throw: Dart              |       |     6 ||     6
    Use: Potion            |     1 |     2 ||     3
         Scroll            |       |     6 ||     6
   Stab: Sleeping          |     8 |     2 ||    10
 Armour: Skin              |    27 |    48 ||    75
  Dodge: Dodged            |    35 |    39 ||    74

Table legend: (Time is in decaauts)
 A = Elapsed time spent in this place.
 B = Non-inter-level travel time spent in this place.
 C = Inter-level travel time spent in this place.
 D = Time resting spent in this place.
 E = Time spent auto-exploring this place.
 F = Levels seen in this place.
 G = Mean time per level.
                   A        B        C        D        E       F      G
               +--------+--------+--------+--------+--------+-----+--------+
         Total |   4170 |   3894 |    276 |    285 |   2381 |   5 |  834.0 |
       Dungeon |   4170 |   3894 |    276 |    285 |   2381 |   5 |  834.0 |
               +--------+--------+--------+--------+--------+-----+--------+

Top non-repeatable levels by time:
     D:3: 1268 daAuts
     D:1: 1149 daAuts
     D:2: 1136 daAuts
     D:5: 402 daAuts
     D:4: 215 daAuts
